 Dungeon Crawl Stone Soup version 0.29.0-4-gdea44cf6ec (webtiles) character file.

Game seed: 8679302921538984327

2 qw the Sneak (level 1, -15/14 HPs)
             Began as a Gargoyle Delver on Sept 10, 2022.
             Killed by divine providence
             ... invoked by an orc priest
              (17 damage)
             ... on level 5 of the Dungeon.
             The game lasted 00:00:00 (13 turns).

qw the Sneak (Gargoyle Delver)                        Turns: 13, Time: 00:00:01

Health: -15/14     AC:  5    Str: 15    XL:     1   Next: 30%
Magic:  1/1        EV: 11    Int: 10    God:
Gold:   0          SH:  0    Dex: 11    Spells: 0/0 levels left

rFire   . . .      SeeInvis .   a - +0 hand axe
rCold   . . .      Faith    .   (no shield)
rNeg    + . .      Spirit   .   b - +0 leather armour
rPois   inf        Reflect  .   (no helmet)
rElec   +          Harm     .   (no cloak)
rCorr   .          Rampage  .   (no gloves)
Will    .....                   (no boots)
Stlth   +++.......              (no amulet)
HPRegen 0.04/turn               (no ring)
MPRegen 0.07/turn               (no ring)

@: no status effects
A: sickness immunity, AC +2, negative energy resistance 1, electricity
resistance, torment resistance 1, petrification resistance
a: no special abilities


You were on level 5 of the Dungeon.
You visited 1 branch of the dungeon, and saw 1 of its levels.


Innate Abilities, Weirdness & Mutations

You are immune to sickness and miasma.
Your stone body is resilient. (AC +2)
You are immune to poison.
You resist negative energy. (rN+)
You are resistant to electric shocks. (rElec)
You are resistant to unholy torment.
You are immune to petrification.


   Skills:
 - Level 3.2 Fighting
 + Level 2.0 Axes
 - Level 1.5 Dodging
 - Level 5.4 Stealth


You couldn't memorise any spells.
You didn't know any spells.
Your spell library was empty.

Inventory:

Hand Weapons
 a - a +0 hand axe (weapon)
Armour
 b - a +0 leather armour (worn)
Wands
 g - a wand of digging (3)
Scrolls
 c - a scroll of fog
 d - a scroll of magic mapping
 e - a scroll of fear
Potions
 f - 3 potions of haste

Dungeon Overview and Level Annotations

Branches:
Dungeon (5/15)
 Temple: D:4-7

Altars:
Kikubaaqudgha


Message History

An adder comes into view.
An orc comes into view. It is wielding a +0 short sword.
An orc priest and an orc come into view.
Found a ring mail.
An orc comes into view. It is wielding a +0 mace.
Found a crude sling.
The orc shouts!
The orc hits you from afar with a +0 trident.
An orc comes into view. It is wielding a +0 dagger.
The orc shouts!
The adder hisses angrily.
The orc shouts! x2
You slash the orc!
You kill the orc!
You completely miss the orc. The orc hits you but does no damage.
The orc misses you.
An orc priest comes into view. It is wielding a +0 club.
The orc barely misses you.
The orc priest invokes the aid of Beogh against you.
Pain shoots through your body!
Your Axes skill increases to level 2!
You barely miss the orc. The orc hits you but does no damage.
The orc closely misses you. x2
The orc priest shouts!
You hit the orc.
The orc is moderately wounded.
The orc hits you from afar with a +0 trident.
The orc completely misses you. The orc closely misses you.
You hit the orc.
The orc is severely wounded.
You closely miss the adder. The orc hits you with a +0 flail.
The orc hits you from afar with a +0 trident.
The orc hits you but does no damage. The adder bites you but does no damage.
You hit the orc.
You kill the orc!
You hit the orc priest. You hit the adder. The adder misses you.
The orc closely misses you. The orc barely misses you.
The orc priest invokes the aid of Beogh against you.
Beogh smites you!
Ouch! That really hurt!
You die...

#.# ....... #..
##..#....
#.####>.......
######..........##.
.[...##.....#...#
.............#.....
...o............##.
...o..o...)......#
....ooS@.......#..#
....oo)).###.###..#
.....o...# ..ยค #
.........# ...#
.......... _....
)........#. .#.
##.......#0
#.......# #


You could see 2 orc priests, an adder and 6 orcs.

Vanquished Creatures
  2 orcs (D:5)
2 creatures vanquished.

Notes
Turn   | Place    | Note
-------+----------+-------------------------------------------
     0 | D:5      | qw the Gargoyle Delver began the quest for the Orb.
     0 | D:5      | Reached XP level 1. HP: 14/14 MP: 1/1
     0 | D:5      | 0 ||| qw: Version: 0.1-a-117-gfe26ee0
     0 | D:5      | 0 ||| qw: Game counter: 9605
     0 | D:5      | 0 ||| qw: Always use a shield: true
     0 | D:5      | 0 ||| qw: God list: Okawaru
     0 | D:5      | 0 ||| qw: Allow faded altars: false
     0 | D:5      | 0 ||| qw: Do Orc after D:15 true
     0 | D:5      | 0 ||| qw: Do second Lair branch before Depths: true
     0 | D:5      | 0 ||| qw: Lair rune preference: random
     0 | D:5      | 0 ||| qw: Plans: Normal
     0 | D:5      | 0 ||| PLANNING D:1-11
     3 | D:5      | Found an ancient bone altar of Kikubaaqudgha.
     7 | D:5      | Noticed an orc priest
     9 | D:5      | Noticed an orc priest
    12 | D:5      | HP: 2/14 [orc/+0 trident (3)]
    13 | D:5      | Killed from afar by an orc priest

Levels and vault maps discovered:
D:5:      layout_rooms, gammafunk_temple_overflow_wave,
          nicolae_kikubaaqudgha_miasma_corner,
          mainiacjoe_overflow_small_starburst, cheibrodos_sewer_entry_sluice

Skill      XL: |  1 |
---------------+----+-----
Axes           | 2 |  2.0
Fighting       | |  3.2
Dodging        | |  1.5
Stealth        | |  5.4

Action                   || total
-------------------------++-------
Melee: Hand axe          ||     5
Armor: Leather armour    ||     4
Dodge: Dodged            ||     9

Table legend:
 A = Non-vault XP
 B = Vault XP
 C = Vault XP percentage of total XP
 D = Non-vault monster count
 E = Vault monster count
 F = Vault count percentage of total count
                 A         B        C        D         E       F
            +---------+---------+-------+---------+---------+-------
      Total |       6 |       0 |   0.0 |       2 |       0 |   0.0
            +---------+---------+-------+---------+---------+-------
        D:5 |       6 |       0 |   0.0 |       2 |       0 |   0.0
            +---------+---------+-------+---------+---------+-------
